Map: Ruins of Seras

Players

MinChul (MC) - Winner!

  • Race: Protoss Protoss

Petraeus

  • Race: Zerg Zerg
  • League: Grandmaster

Event: Root's WW3

VOD

Have the link to the VOD?

Description

Time

  • Played on: Dec. 12, 2015, 6:26 a.m.
  • Length: 12:27

All games in this series

Show
View Real Time Build Order
Export as new Build Order

MinChul Protoss - Winner!

Build Orders: 1 Gate Expand 

Get SALT Encoding   

  12  0:00  Probe (Chrono Boost)  
  13  0:11  Probe (Chrono Boost)  
  14  0:19  Pylon  
  14  0:22  Probe (Chrono Boost)  
  15  0:37  Probe (Chrono Boost)  
  15  0:38  Gateway  
  16  0:48  Probe (Chrono Boost), Assimilator  
  17  0:59  Probe (Chrono Boost)  
  18  1:09  Probe (Chrono Boost)  
  19  1:24  Nexus  
  19  1:36  Cybernetics Core  
  19  1:38  Probe (Chrono Boost)  
  20  1:44  Assimilator  
  20  1:48  Probe (Chrono Boost)  
  21  1:54  Pylon  
  21  1:59  Probe (Chrono Boost)  
  22  2:09  Probe (Chrono Boost)  
  22  2:12  Adept (Chrono Boost), Warp Gate  
  25  2:21  Mothership Core  
  27  2:35  Probe  
  27  2:37  Adept (Chrono Boost)  
  30  2:40  Pylon  
  30  2:42  Probe  
  31  2:45  Probe  
  32  2:54  Probe  
  32  2:56  Probe  
  34  3:00  Sentry (Chrono Boost)  
  34  3:05  Twilight Council  
  36  3:06  Probe x2  
  38  3:17  Probe  
  38  3:18  Probe  
  40  3:23  Pylon  
  40  3:25  Sentry (Chrono Boost)  
  42  3:27  Gateway  
  42  3:30  Probe  
  42  3:31  Probe  
  44  3:37  Resonating Glaives (Chrono Boost)  
  44  3:40  Probe  
  44  3:43  Probe  
  46  3:48  Gateway  
  46  3:55  Robotics Facility  
  46  3:58  Probe  
  46  3:59  Probe  
  48  4:10  Probe  
  48  4:11  Probe  
  48  4:16  Pylon  
  50  4:20  Probe  
  50  4:23  Probe  
  52  4:25  Pylon  
  52  4:27  Adept x2  
  52  4:31  Probe  
  56  4:36  Probe  
  58  4:41  Warp Prism (Chrono Boost)  
  58  4:43  Gateway  
  58  4:45  Gateway  
  60  4:47  Gateway  
  60  4:56  Adept x3  
  60  4:57  Blink  
  66  5:03  Assimilator x2  
  66  5:05  Pylon  
  66  5:13  Observer (Chrono Boost)  
  67  5:24  Adept x3  
  67  5:26  Probe x2  
  75  5:31  Pylon  
  75  5:42  Pylon  
  75  5:46  Adept x5  
  83  5:50  Adept  
  71  6:14  Nexus  
  71  6:15  Immortal (Chrono Boost)  
  71  6:21  Sentry x3  
  72  6:31  Stalker  
  72  6:32  Stalker x2  
  78  6:33  Probe x2  
  80  6:45  Probe  
  81  6:49  Immortal (Chrono Boost)  
  81  6:51  Probe  
  86  6:57  Probe  
  86  6:59  Assimilator  
  87  7:01  Assimilator  
  87  7:03  Probe, Pylon  
  88  7:09  Probe  
  88  7:10  Forge, Robotics Bay  
  88  7:12  Pylon  
  90  7:15  Probe (Chrono Boost)  
  90  7:19  Immortal (Chrono Boost)  
  90  7:21  Probe (Chrono Boost)  
  91  7:26  Probe (Chrono Boost)  
  91  7:29  Probe (Chrono Boost)  
  97  7:33  Probe (Chrono Boost)  
  99  7:37  Probe (Chrono Boost)  
  99  7:41  Probe (Chrono Boost)  
  98  7:49  Stalker x2  
  98  7:50  Stalker x3  
  108  7:52  Stalker  
  108  7:57  Pylon  
  110  8:03  Probe (Chrono Boost)  
  110  8:04  Probe (Chrono Boost)  
  110  8:05  Probe (Chrono Boost)  
  113  8:14  Stalker x4  
  113  8:16  Stalker  
  113  8:17  Sentry  
  123  8:39  Stalker  
  123  8:40  Stalker x4  
  131  8:42  Stalker  
  129  9:03  Stalker x5  
  129  9:04  Warp Prism  
  129  9:10  Stalker x2  
  99  9:30  Stalker x4  
  97  9:35  Stalker x2, Gateway  
  97  9:36  Gateway  
  89  9:40  Photon Cannon  
  89  9:45  Protoss Ground Weapons Level 1 (Chrono Boost), Photon Cannon  
  89  9:46  Photon Cannon  
  89  9:56  Pylon  
  89  9:57  Stalker x4  
  89  9:59  Sentry x2  
  101  10:03  Pylon  
  101  10:14  Photon Cannon  
  101  10:26  Stalker x4  
  101  10:27  Stalker x2  
  112  10:30  Pylon  
  112  10:32  Pylon  
  112  10:34  Photon Cannon  
  112  10:36  Sentry x2, Photon Cannon  
  98  11:00  Stalker x6  
  107  11:25  Sentry x6  
  111  11:49  Stalker x3  
  111  11:50  Stalker x3  
  107  12:05  Pylon  
  99  12:13  Stalker x5  
  107  12:22  Stalker  
Show
View Real Time Build Order
Export as new Build Order

Petraeus Zerg 

Build Orders: Hatch First 

Get SALT Encoding   

  12  0:01  Drone  
  13  0:12  Overlord  
  13  0:17  Drone  
  14  0:31  Drone x2  
  14  0:34  Drone  
  17  0:53  Hatchery  
  17  0:56  Drone  
  17  0:59  Drone  
  18  1:12  Spawning Pool  
  18  1:14  Extractor  
  18  1:17  Drone  
  17  1:21  Drone  
  18  1:28  Drone  
  19  1:39  Overlord  
  19  1:50  Drone  
  20  2:00  Queen  
  20  2:01  Drone  
  23  2:06  Drone, Queen  
  26  2:11  Drone  
  26  2:15  Metabolic Boost  
  27  2:16  Drone  
  27  2:22  Drone  
  29  2:27  Zergling x2  
  30  2:33  Drone  
  31  2:37  Drone  
  31  2:42  Hatchery  
  31  2:44  Drone  
  31  2:48  Zergling x2  
  33  2:54  Evolution Chamber, Overlord  
  32  3:05  Drone  
  33  3:10  Drone  
  33  3:11  Drone x2, Overlord  
  36  3:20  Zerg Melee Weapons Level 1  
  36  3:21  Zergling x4  
  36  3:22  Zergling x4  
  40  3:29  Drone  
  40  3:33  Drone, Queen  
  44  3:40  Drone x2  
  46  3:43  Drone x2  
  46  3:48  Overlord  
  48  3:52  Drone  
  49  3:56  Drone  
  49  3:59  Roach Warren, Drone x2, Extractor  
  50  4:05  Drone x3  
  50  4:09  Drone  
  53  4:13  Drone  
  53  4:14  Drone  
  53  4:15  Drone x2  
  55  4:26  Drone x3  
  55  4:27  Drone  
  55  4:30  Overlord  
  59  4:31  Lair  
  59  4:33  Extractor  
  59  4:36  Zergling x2  
  59  4:39  Zergling x2  
  59  4:41  Drone x2  
  59  4:44  Overlord  
  59  4:45  Zergling x4  
  64  4:51  Roach x4  
  72  4:56  Overlord  
  72  5:00  Overlord x2  
  72  5:11  Extractor  
  71  5:14  Zerg Ground Armor Level 1  
  71  5:15  Ravager  
  71  5:17  Drone x4  
  71  5:20  Ravager  
  71  5:21  Roach  
  79  5:22  Roach  
  79  5:23  Hatchery  
  79  5:24  Zergling x4  
  82  5:29  Zergling x4  
  82  5:30  Zergling x2  
  82  5:31  Zergling x4  
  82  5:32  Zergling x2  
  88  5:36  Glial Reconstitution  
  88  5:38  Roach  
  88  5:41  Roach  
  90  5:55  Zergling x2  
  90  5:56  Zergling x10  
  89  5:59  Drone x4  
  89  6:02  Drone x2  
  89  6:03  Drone x2  
  87  6:12  Drone  
  87  6:15  Drone x2  
  85  6:27  Drone, Spire  
  85  6:28  Drone  
  85  6:29  Drone x2  
  85  6:30  Extractor  
  87  6:39  Extractor  
  86  6:42  Drone x2  
  86  6:43  Drone x5  
  86  6:45  Drone  
  91  6:55  Drone  
  91  6:56  Drone x5, Extractor  
  91  6:57  Extractor  
  91  6:59  Queen  
  97  7:05  Zergling x4  
  97  7:06  Zergling x6  
  100  7:09  Ravager x2  
  100  7:13  Drone  
  100  7:14  Drone  
  100  7:15  Drone x2  
  106  7:20  Zergling x4  
  106  7:21  Zergling x8  
  111  7:25  Overlord  
  111  7:28  Overlord x2  
  110  7:44  Mutalisk  
  110  7:45  Mutalisk x3  
  110  7:47  Mutalisk x4  
  110  7:50  Mutalisk  
  128  7:53  Zerg Flyer Weapons Level 1  
  128  7:56  Zerg Melee Weapons Level 2  
  128  7:58  Mutalisk  
  128  8:04  Mutalisk  
  132  8:06  Overlord x2  
  132  8:10  Mutalisk x2  
  136  8:18  Overlord x2  
  132  8:29  Mutalisk x4  
  132  8:32  Zergling x14  
  143  8:36  Mutalisk  
  143  8:41  Zergling x8  
  143  8:45  Mutalisk x2  
  147  8:51  Zergling x6  
  141  9:06  Overlord x2  
  141  9:07  Overlord  
  105  9:19  Mutalisk x5  
  102  9:25  Zergling x10  
  102  9:30  Mutalisk  
  103  9:37  Overlord  
  100  9:43  Mutalisk  
  102  9:46  Zergling x6  
  105  9:53  Hatchery, Mutalisk  
  105  9:56  Mutalisk  
  108  10:00  Zergling x8  
  108  10:05  Lair  
  110  10:10  Zergling x12  
  116  10:24  Mutalisk x2  
  116  10:28  Overlord  
  120  10:34  Mutalisk  
  122  10:37  Overlord x2  
  122  10:41  Zergling x10  
  127  10:45  Hatchery  
  115  11:07  Mutalisk  
  115  11:08  Mutalisk x2  
  116  11:13  Zergling x4  
  116  11:14  Queen, Zergling x12  
  120  11:19  Mutalisk x2  
  120  11:22  Zergling x2  
  120  11:23  Queen x2  
  129  11:29  Mutalisk  
  129  11:31  Zergling x4  
  124  11:40  Zergling x8, Extractor x2  
  124  11:41  Mutalisk  
  124  11:46  Zergling x8  
  128  11:48  Mutalisk  
  113  11:56  Zergling x2  
  113  11:57  Zergling x2  
  113  11:59  Mutalisk  
  103  12:03  Zergling x2  
Tags
 
Add a new tag
Caveats
  • Supply blocks, unpowered buildings, or Contaminate may cause inaccurate times.
  • Supply counts are checked every 10 seconds.